 Dungeon Crawl Stone Soup version 0.21.1-1-g345015f (webtiles) character file.

152 manyhoops the Thaumaturge (level 5, -5/37 HPs)
             Began as a Gnoll Wanderer on Mar 21, 2018.
             Killed from afar by an orc wizard (7 damage)
             ... with a magic dart
             ... on level 3 of the Dungeon.
             The game lasted 00:05:24 (2452 turns).

manyhoops the Thaumaturge (Gnoll Wanderer)          Turns: 2452, Time: 00:05:25

Health: -5/37      AC:  3    Str: 13    XL:     5   Next: 34%
Magic:  1/16       EV: 12    Int: 20    God:
Gold:   30         SH:  0    Dex: 13    Spells: 11/22 levels left

rFire    . . .     SeeInvis .   e - +1 dagger
rCold    . . .     Gourm    .   (no shield)
rNeg     . . .     Faith    .   d - +0 robe
rPois    .         Spirit   .   m - +0 helmet
rElec    .         Reflect  .   (no cloak)
rCorr    .         Harm     .   (no gloves)
MR       .....                  (no boots)
Stlth    +++.......             (no amulet)
HPRegen  0.12/turn              n - +2 ring of strength
MPRegen  0.15/turn              k - ring of stealth

@: flying, very slightly contaminated
A: distributed training, fangs 1, strong nose
a: no special abilities


You were on level 3 of the Dungeon.
You were hungry.

You visited 1 branch of the dungeon, and saw 3 of its levels.

You collected 30 gold pieces.

Inventory:

Hand Weapons
 e - a +1 dagger (weapon)
Armour
 d - a +0 robe (worn)
 m - a +0 helmet (worn)
Jewellery
 k - a ring of stealth (right hand)
 n - a +2 ring of strength (left hand)
 o - a +1 ring of protection
Scrolls
 b - 2 scrolls of teleportation
 g - 2 scrolls of remove curse
 h - a scroll of random uselessness {unknown}
 j - a scroll of enchant weapon
 l - a scroll of blinking {unknown}
Potions
 c - 2 potions of flight
 i - a potion of curing
 p - a potion of might {unknown}
 q - a potion of berserk rage {unknown}
Books
 a - a book of Minor Magic

   Spells                             Type                      Level
   a - Magic Dart                     Conjuration                  1
   b - Blink                          Translocation                2
   c - Call Imp                       Summoning                    2
   d - Slow                           Hexes                        2
   e - Conjure Flame                  Conjuration/Fire             3
   f - Mephitic Cloud                 Conjuration/Poison/Air       3
Comestibles
 f - 5 rations


   Skills:
 + Level 1.4 Fighting
 + Level 1.4 Short Blades
 + Level 1.4 Long Blades
 + Level 1.4 Axes
 + Level 1.4 Maces & Flails
 + Level 1.4 Polearms
 + Level 1.4 Staves
 + Level 1.4 Slings
 + Level 1.4 Bows
 + Level 1.4 Crossbows
 + Level 1.4 Throwing
 + Level 1.4 Armour
 + Level 1.4 Dodging
 + Level 1.4 Stealth
 + Level 2.9 Shields
 + Level 1.4 Unarmed Combat
 + Level 9.4 Spellcasting
 + Level 1.1 Conjurations
 + Level 1.1 Hexes
 + Level 1.1 Charms
 + Level 2.3 Summonings
 + Level 1.1 Necromancy
 + Level 1.1 Translocations
 + Level 1.1 Transmutations
 + Level 1.1 Fire Magic
 + Level 1.1 Ice Magic
 + Level 3.9 Air Magic
 + Level 1.1 Earth Magic
 + Level 2.3 Poison Magic
 + Level 1.6 Invocations
 + Level 2.9 Evocations


You had 11 spell levels left.
You knew the following spells:

 Your Spells              Type           Power        Failure   Level  Hunger
a - Magic Dart            Conj           ##..         4%          1    None
b - Call Imp              Summ           ###.....     4%          2    None
c - Conjure Flame         Conj/Fire      ##......     14%         3    None
d - Mephitic Cloud        Conj/Pois/Air  ###.....     8%          3    None
e - Blink                 Tloc           N/A          7%          2    None


Dungeon Overview and Level Annotations

Branches:
Dungeon (3/15)

Altars:
Ashenzari
The Shining One


Innate Abilities, Weirdness & Mutations

Your experience applies equally to all skills.
You have very sharp teeth.
Your uncanny sense of smell can sniff out nearby items.


Message History

Aiming: Magic Dart
Press: ? - help, Shift-Dir - straight line, f/p - orc
Aim: an orc, wielding a flail and wearing a ring mail (heavily wounded)
The magic dart hits something.
Something completely misses you.
Unknown command.
Unknown command.
It was a potion of flight.
You feel very buoyant.
You fly up into the air.
You hear some strange, mumbled words.
A magic dart appears from out of thin air!
The magic dart hits you!
* * * LOW HITPOINT WARNING * * *
Unknown command.
A magic dart appears from out of thin air!
The magic dart hits you!
* * * LOW HITPOINT WARNING * * *
A magic dart appears from out of thin air!
The magic dart hits you!
You die...

####### #.g...#
#)#....o..
####.#o....o.
###...o#.......
#.@....#######.
##.#....#
######..#....#
#<............#
######.##...#.#
#.........#
####...#..#
#####..#


You could see an orc.

Vanquished Creatures
  An orc wizard (D:3)
  Terence (D:2)
  3 adders (D:2)
  A dart slug (D:1)
  A leopard gecko (D:2)
  An orc (D:3)
  3 ball pythons
  6 bats
  6 giant cockroaches
  15 goblins
  4 hobgoblins
  A quokka (D:2)
  2 frilled lizards
  10 kobolds
  9 rats
64 creatures vanquished.

Notes
Turn   | Place    | Note
-------+----------+-------------------------------------------
     0 | D:1      | Reached skill level 9 in Spellcasting
     0 | D:1      | manyhoops the Gnoll Wanderer began the quest for the Orb.
     0 | D:1      | manyhoops set off with: a book of Minor Magic, a scroll of teleportation, a potion of lignification, a +0 robe, a +0 dagger, a ration
     0 | D:1      | Reached XP level 1. HP: 13/13 MP: 10/10
     2 | D:1      | Learned a level 1 spell: Magic Dart
    15 | D:1      | Noticed a crocodile
    15 | D:1      | Noticed a black bear
    15 | D:1      | Noticed an anaconda
    15 | D:1      | Noticed a worker ant
   120 | D:1      | Reached XP level 2. HP: 19/19 MP: 6/12
   579 | D:1      | Reached XP level 3. HP: 25/25 MP: 8/13
  1037 | D:2      | Reached skill level 1 in Invocations
  1043 | D:2      | Learned a level 2 spell: Call Imp
  1047 | D:2      | Noticed Terence
  1047 | D:2      | Learned a level 3 spell: Conjure Flame
  1415 | D:2      | Reached skill level 1 in Fighting
  1415 | D:2      | Reached skill level 1 in Short Blades
  1415 | D:2      | Reached skill level 1 in Long Blades
  1415 | D:2      | Reached skill level 1 in Axes
  1415 | D:2      | Reached skill level 1 in Maces & Flails
  1415 | D:2      | Reached skill level 1 in Polearms
  1415 | D:2      | Reached skill level 1 in Staves
  1415 | D:2      | Reached skill level 1 in Slings
  1415 | D:2      | Reached skill level 1 in Bows
  1415 | D:2      | Reached skill level 1 in Crossbows
  1415 | D:2      | Reached skill level 1 in Throwing
  1415 | D:2      | Reached skill level 1 in Armour
  1415 | D:2      | Reached skill level 1 in Dodging
  1415 | D:2      | Reached skill level 1 in Stealth
  1415 | D:2      | Reached skill level 1 in Unarmed Combat
  1429 | D:2      | Reached XP level 4. HP: 22/32 MP: 0/15
  1758 | D:2      | Killed Terence
  1758 | D:2      | Reached skill level 1 in Conjurations
  1758 | D:2      | Reached skill level 1 in Hexes
  1758 | D:2      | Reached skill level 1 in Charms
  1758 | D:2      | Reached skill level 1 in Necromancy
  1758 | D:2      | Reached skill level 1 in Translocations
  1758 | D:2      | Reached skill level 1 in Transmutations
  1758 | D:2      | Reached skill level 1 in Fire Magic
  1758 | D:2      | Reached skill level 1 in Ice Magic
  1758 | D:2      | Reached skill level 1 in Earth Magic
  1884 | D:2      | Learned a level 3 spell: Mephitic Cloud
  1887 | D:2      | Learned a level 2 spell: Blink
  1994 | D:2      | Found a glowing golden altar of the Shining One.
  2006 | D:2      | Reached XP level 5. HP: 19/37 MP: 4/16
  2321 | D:2      | Found a shattered altar of Ashenzari.
  2452 | D:3      | Killed from afar by an orc wizard

Skill      XL: |  1  2  3  4 |
---------------+-------------+-----
Spellcasting   | |  9.4
Summonings     | 2 |  2.3
Poison Magic   | 2 |  2.3
Invocations    | 1 |  1.6
Fighting       | 1 |  1.4
Short Blades   | 1 |  1.4
Long Blades    | 1 |  1.4
Axes           | 1 |  1.4
Maces & Flails | 1 |  1.4
Polearms       | 1 |  1.4
Staves         | 1 |  1.4
Slings         | 1 |  1.4
Bows           | 1 |  1.4
Crossbows      | 1 |  1.4
Throwing       | 1 |  1.4
Armour         | 1 |  1.4
Dodging        | 1 |  1.4
Stealth        | 1 |  1.4
Unarmed Combat | 1 |  1.4
Conjurations   | 1 |  1.1
Hexes          | 1 |  1.1
Charms         | 1 |  1.1
Necromancy     | 1 |  1.1
Translocations | 1 |  1.1
Transmutations | 1 |  1.1
Fire Magic     | 1 |  1.1
Ice Magic      | 1 |  1.1
Earth Magic    | 1 |  1.1
Shields        | |  2.9
Air Magic      | |  3.9
Evocations     | |  2.9

Action                   |  1- 3 |  4- 6 || total
-------------------------+-------+-------++-------
Melee: Dagger            |    15 |    46 ||    61
       Bite              |     2 |       ||     2
 Cast: Magic Dart        |    99 |    69 ||   168
       Conjure Flame     |       |     1 ||     1
  Use: Scroll            |     1 |     2 ||     3
       Potion            |       |     2 ||     2
  Eat: Chunk             |     1 |     3 ||     4
Armor: Robe              |     5 |    10 ||    15
       Skin              |       |    23 ||    23
Dodge: Dodged            |    32 |    22 ||    54
